cohdb
Replays
Latest Replays
All Replays
Popular Replays
Top Player Replays
Match Explorer
How It Works
Community
CoH3 Stats
Reddit
Sign in to upload your games and track your stats! →
Sign in with Steam
Match 22793280
Unlisted
Match 22793280
Overview
Messages
Build Orders
End
Construct Section Command Post
Royal Engineer Section
Selects Air and Sea Battlegroup
Dingo Light Scout Car
Infantry Section
Infantry Section
Construct Platoon Command Post
Selects Commando Section Paradrop
Commando Section Paradrop
Selects Supply Surplus
Construct Field Infirmary
Construct Company Command Post
ParadoxJunkie
Eber
A Sassy Badger
Wittman
Broly19HS
your uncle master
0
0
Comments
sign in to comment!
No comments posted yet!